 Dungeon Crawl Stone Soup version 0.30-a0-292-g0f741e3f8e (webtiles) character file.

Game seed: 9119430397142725794

210 scionoferis the Shooter (level 6, -4/44 HPs)
             Began as a Human Hexslinger on Oct 17, 2022.
             Slain by an iguana (6 damage)
             ... on level 5 of the Dungeon.
             The game lasted 00:08:27 (2928 turns).

scionoferis the Shooter (Human Hexslinger)          Turns: 2928, Time: 00:08:28

Health: -4/44      AC:  6    Str: 11    XL:     6   Next: 12%
Magic:  8/8        EV: 12    Int: 15    God:
Gold:   101        SH:  0    Dex: 13    Spells: 7/8 levels left

rFire   . . .      SeeInvis .    q - +0 dagger (protect)
rCold   . . .      Faith    .    (no shield)
rNeg    + . .      Spirit   .    c - +0 robe
rPois   .          Reflect  .    (no helmet)
rElec   .          Harm     .    l - +0 cloak
rCorr   .          Rampage  .    r - +0 pair of gloves
Will    .....                    d - +1 pair of boots
Stlth   +.........               (no amulet)
HPRegen 0.27/turn                m - ring of positive energy
MPRegen 0.11/turn                (no ring)

@: no status effects
A: no striking features
a: no special abilities


You were on level 5 of the Dungeon.
You visited 1 branch of the dungeon, and saw 5 of its levels.

You collected 101 gold pieces.

Inventory:

Hand Weapons
 a - a +1 sling
 q - a +0 dagger of protection (weapon)
Missiles
 u - 4 poisoned darts
Armour
 c - a +0 robe (worn)
 d - a +1 pair of boots (worn)
 j - a scarf of shadows
 l - a +0 cloak (worn)
 r - a +0 pair of gloves (worn)
Jewellery
 m - a ring of positive energy (left hand)
Scrolls
 b - 2 scrolls of poison
 g - a scroll of blinking
 i - a scroll of butterflies
 k - 2 scrolls of fear
 o - a scroll of noise
 p - 2 scrolls of vulnerability
 s - 2 scrolls of immolation {unknown}
 t - a scroll of enchant weapon
 y - a scroll of teleportation {unknown}
Potions
 e - a potion of berserk rage
 f - a potion of invisibility
 h - a potion of magic
 v - a potion of degeneration {unknown}
 w - a potion of haste {unknown}
 x - a potion of cancellation {unknown}


   Skills:
 + Level 1.9 Fighting
 * Level 4.6 Ranged Weapons
 - Level 2.0 Dodging
 + Level 1.7 Spellcasting
 - Level 4.0 Hexes


You had 7 spell levels left.
You knew the following spells:

 Your Spells              Type           Power      Damage    Failure   Level
a - Slow                  Hex            52%        N/A       4%          1

Your spell library contained the following spells:

 Spells                   Type           Power      Damage    Failure   Level
 Inner Flame              Hex/Fire       7%         N/A       30%         3
 Portal Projectile        Hex/Tloc       14%        N/A       30%         3
 Cause Fear               Hex            6%         N/A       41%         4
 Gell's Gravitas          Tloc           1%         N/A       56%         3
 Lesser Beckoning         Tloc           2%         N/A       56%         3
 Teleport Other           Tloc           1%         N/A       56%         3


Dungeon Overview and Level Annotations

Branches:
Dungeon (4/15)
 Temple: D:4-7

Altars:

Shops:
D:4 [:

Annotations:
D:4 2 transporters, chippings's ghost, weakling MfTm


Message History

You catch the helpless iguana completely off-guard!
You hit the iguana. You punch the iguana.
The iguana is moderately wounded.
You feel sick. The iguana closely misses you.
You barely miss the iguana.
The iguana is moderately wounded.
You feel sick. The iguana closely misses you.
You hit the iguana but do no damage.
The iguana is moderately wounded.
You feel sick.
The iguana bites you but does no damage.
You closely miss the iguana.
The iguana is moderately wounded.
You flicker back into view.
You feel sick.
You are no longer poisoned.
The iguana barely misses you.
You hit the iguana but do no damage.
The iguana is moderately wounded.
The iguana misses you.
You hit the iguana but do no damage.
The iguana is moderately wounded.
The iguana bites you!
* * * LOW HITPOINT WARNING * * *
You feel better.
The iguana bites you but does no damage.
You closely miss the iguana.
The iguana is moderately wounded.
The iguana barely misses you.
You closely miss the iguana.
The iguana is moderately wounded.
The iguana bites you!
* * * LOW HITPOINT WARNING * * *
You barely miss the iguana.
The iguana is moderately wounded.
The iguana completely misses you.
You closely miss the iguana.
The iguana is moderately wounded.
The iguana bites you.
You die...

........†##########.#
..............#
........#.....#
.########.....# .#
#.....# .# #.....#
#.....## #
#####.[#####.#
##..@l...# ######..#
#.# .# #


You could see an iguana.

Vanquished Creatures
  A scorpion (D:5)
  An iguana (D:5)
  5 adders
  A dart slug (D:2)
  3 orcs
  4 endoplasms
  A giant cockroach (D:3)
  8 goblins
  6 hobgoblins
  11 jackals
  2 quokkas
  6 ball pythons
  6 bats
  6 frilled lizards
  5 kobolds
  5 rats
71 creatures vanquished.

Notes
Turn   | Place    | Note
-------+----------+-------------------------------------------
     0 | D:1      | scionoferis the Human Hexslinger began the quest for the
                  | Orb.
     0 | D:1      | Reached XP level 1. HP: 15/15 MP: 2/2
   108 | D:1      | Reached XP level 2. HP: 21/21 MP: 3/3
   287 | D:1      | Reached XP level 3. HP: 26/26 MP: 4/4
  1122 | D:2      | Reached XP level 4. HP: 32/32 MP: 5/5
  2319 | D:4      | Found Xif Zeatocw's Book Boutique.
  2338 | D:4      | Noticed a black bear
  2407 | D:4      | Noticed an ogre
  2621 | D:4      | Reached XP level 5. HP: 35/37 MP: 6/6
  2635 | D:4      | Noticed chippings's ghost (weakling MfTm)
  2636 | D:4      | Found a transporter.
  2750 | D:4      | Found a transporter.
  2773 | D:4      | Found Jecretyu's Antique Armour Shoppe.
  2780 | D:4      | You fall into a shaft and drop 1 floor!
  2780 | D:5      | Entered Level 5 of the Dungeon
  2838 | D:5      | Noticed a steam dragon
  2897 | D:5      | Reached XP level 6. HP: 6/44 MP: 6/8
  2923 | D:5      | HP: 1/44 [iguana (9)]
  2928 | D:5      | Slain by an iguana

Illustrated notes

Levels and vault maps discovered:
D:1:      dpeg_arrival_rooms_b, layout_loops_ring
D:2:      minmay_evil_eye, layout_loops_corners, st_stairs_5,
          serial_bayou_lake_a
D:3:      layout_basic
D:4:      layout_gridville, gammafunk_ghost_mausoleum, serial_shops, shop, shop,
          nicolae_shop_trees, nicolae_inconvenience_store, minmay_quadrilaterals
D:5:      layout_basic, kiku_gazebo_garden_becter,
          minmay_temple_entry_mini_moons, serial_shops, nicolae_shop_trees,
          cheibrodos_sewer_entry_bend, minmay_manual_monolith

Skill      XL: |  1  2  3  4  5 |
---------------+----------------+-----
Ranged Weapons | 3 4 |  4.6
Hexes          | 4 |  4.0
Fighting       | |  1.9
Dodging        | |  2.0
Spellcasting   | |  1.7

Action                   |  1- 3 |  4- 6 || total
-------------------------+-------+-------++-------
Melee: Dagger            |       |    36 ||    36
       Punch             |       |     1 ||     1
 Fire: Sling             |   110 |   137 ||   247
 Cast: Slow              |       |    11 ||    11
  Use: Scroll            |       |     6 ||     6
       Potion            |       |     5 ||     5
 Stab: Invisible         |       |     6 ||     6
Armor: Robe              |    10 |    45 ||    55
Dodge: Dodged            |    48 |   112 ||   160

Table legend: (Time is in decaauts)
 A = Elapsed time spent in this place.
 B = Non-inter-level travel time spent in this place.
 C = Inter-level travel time spent in this place.
 D = Time resting spent in this place.
 E = Time spent auto-exploring this place.
 F = Levels seen in this place.
 G = Mean time per level.
                   A        B        C        D        E       F      G
               +--------+--------+--------+--------+--------+-----+--------+
         Total |   3034 |   2851 |    183 |    157 |   2020 |   5 |  606.8 |
       Dungeon |   3034 |   2851 |    183 |    157 |   2020 |   5 |  606.8 |
               +--------+--------+--------+--------+--------+-----+--------+

Top non-repeatable levels by time:
     D:2: 1144 daAuts
     D:3: 759 daAuts
     D:1: 727 daAuts
     D:4: 238 daAuts
     D:5: 164 daAuts
